3161 views
Uploaded 2020-07-16 00:31:31
Game version 1.32.6 / 1.32.7
2:05 long 4on4 ladder game on (8)GolemsInTheMist_LV
Saved by BEARAND
3161 views
Uploaded 2020-07-16 00:31:31
Game version 1.32.6 / 1.32.7
2:05 long 4on4 ladder game on (8)GolemsInTheMist_LV

/ 0k
14 buildings @ 1.7k
/ 0.4k
| Peasant | 7 | 525 | / | 0 |
| Footman | 1 | 135 | / | 0 |
| total: | 8 | 660g | / | 0w |
| Altar of Kings | 1 | 180 | / | 50 |
| Farm | 2 | 160 | / | 40 |
| Barracks | 1 | 160 | / | 60 |
| total: | 4 | 500g | / | 150w |
| 0:04 | Peasant |
| 0:04 | Peasant |
| 0:08 | Altar of Kings |
| 0:20 | Farm |
| 0:41 | Barracks |
| 0:51 | Peasant |
| 0:52 | Peasant |
| 0:52 | Peasant |
| 1:01 | Farm |
| 1:09 | Peasant |
| 1:18 | Peasant |
| 1:43 | Footman |
| Select | 31 |
| Chat | 23 |
| Right click | 18 |
| Build/train/purchase | 9 |
| Peasant | 8 | 600 | / | 0 |
| total: | 8 | 600g | / | 0w |
| Altar of Kings | 1 | 180 | / | 50 |
| Farm | 2 | 160 | / | 40 |
| Lumber Mill | 1 | 120 | / | 0 |
| Arcane Vault | 1 | 130 | / | 30 |
| total: | 5 | 590g | / | 120w |
| 0:19 | Altar of Kings |
| 0:26 | Peasant |
| 0:26 | Peasant |
| 0:33 | Peasant |
| 0:43 | Farm |
| 0:48 | Peasant |
| 0:58 | Peasant |
| 1:17 | Peasant |
| 1:17 | Peasant |
| 1:22 | Farm |
| 1:58 | Lumber Mill |
| 1:59 | Peasant |
| 2:01 | Arcane Vault |
| Chat | 126 |
| Right click | 23 |
| Select | 21 |
| Build/train/purchase | 11 |
| Assign group | 7 |
| Peasant | 11 | 825 | / | 0 |
| Footman | 3 | 405 | / | 0 |
| total: | 14 | 1230g | / | 0w |
| Farm | 3 | 240 | / | 60 |
| Altar of Kings | 1 | 180 | / | 50 |
| Barracks | 1 | 160 | / | 60 |
| total: | 5 | 580g | / | 170w |
| 0:01 | Peasant |
| 0:01 | Peasant |
| 0:01 | Peasant |
| 0:01 | Peasant |
| 0:12 | Farm |
| 0:14 | Altar of Kings |
| 0:23 | Barracks |
| 0:26 | Peasant |
| 0:35 | Peasant |
| 0:44 | Peasant |
| 0:50 | Farm |
| 0:59 | Peasant |
| 1:14 | Peasant |
| 1:24 | Footman |
| 1:31 | Farm |
| 1:35 | Peasant |
| 1:45 | Footman |
| 1:45 | Footman |
| 2:03 | Peasant |
| Right click | 139 |
| Select group | 131 |
| Select | 33 |
| Build/train/purchase | 19 |
| Chat | 18 |
| Assign group | 5 |
| Esc | 3 |
/ 0k
15 buildings @ 2.6k
/ 0.7k
| Acolyte | 3 | 225 | / | 0 |
| Ghoul | 3 | 360 | / | 0 |
| total: | 6 | 585g | / | 0w |
| Ziggurat | 2 | 300 | / | 100 |
| Crypt | 1 | 200 | / | 50 |
| Altar of Darkness | 1 | 180 | / | 50 |
| total: | 4 | 680g | / | 200w |
| 0:05 | Acolyte |
| 0:06 | Acolyte |
| 0:10 | Ziggurat |
| 0:16 | Crypt |
| 0:44 | Altar of Darkness |
| 0:56 | Acolyte |
| 1:41 | Ziggurat |
| 1:44 | Ghoul |
| 1:44 | Ghoul |
| 1:45 | Ghoul |
| Select | 13 |
| Right click | 11 |
| Build/train/purchase | 6 |
| Assign group | 1 |
| Peon | 6 | 450 | / | 0 |
| total: | 6 | 450g | / | 0w |
| Altar of Storms | 1 | 180 | / | 50 |
| Orc Burrow | 1 | 160 | / | 40 |
| Barracks | 2 | 360 | / | 100 |
| total: | 4 | 700g | / | 190w |
| 0:03 | Peon |
| 0:03 | Peon |
| 0:07 | Altar of Storms |
| 0:09 | Orc Burrow |
| 0:30 | Peon |
| 0:30 | Peon |
| 0:50 | Barracks |
| 1:20 | Peon |
| 1:36 | Peon |
| 1:51 | Barracks |
| Right click | 120 |
| Chat | 51 |
| Select | 40 |
| Assign group | 8 |
| Build/train/purchase | 7 |
| Peon | 4 | 300 | / | 0 |
| total: | 4 | 300g | / | 0w |
| Orc Burrow | 1 | 160 | / | 40 |
| Altar of Storms | 1 | 180 | / | 50 |
| Barracks | 1 | 180 | / | 50 |
| total: | 3 | 520g | / | 140w |
| 0:10 | Orc Burrow |
| 0:14 | Altar of Storms |
| 0:31 | Peon |
| 0:31 | Peon |
| 1:01 | Peon |
| 1:01 | Peon |
| 1:09 | Barracks |
| Select | 15 |
| Right click | 14 |
| Build/train/purchase | 4 |
| Esc | 1 |
| Wisp | 10 | 600 | / | 0 |
| total: | 10 | 600g | / | 0w |
| Altar of Elders | 1 | 180 | / | 50 |
| Moon Well | 2 | 360 | / | 80 |
| Ancient of War | 1 | 150 | / | 60 |
| total: | 4 | 690g | / | 190w |
| 0:03 | Wisp |
| 0:03 | Wisp |
| 0:04 | Wisp |
| 0:10 | Altar of Elders |
| 0:21 | Moon Well |
| 0:35 | Wisp |
| 0:50 | Ancient of War |
| 0:55 | Wisp |
| 0:55 | Wisp |
| 0:55 | Wisp |
| 0:55 | Wisp |
| 0:57 | Wisp |
| 1:16 | Wisp |
| 1:35 | Moon Well |
| Select | 30 |
| Right click | 15 |
| Build/train/purchase | 11 |
| Use ability | 1 |
โ